 Dungeon Crawl Stone Soup version 0.31-a0-799-g6bc09d010c (webtiles) character file.

Game seed: 4031006555210531547

529 vick69 the Magician (level 6, 0/47 HPs)
             Began as a Demigod Fire Elementalist on Sept 19, 2023.
             Succumbed to a water moccasin's poison
             ... on level 5 of the Dungeon.
             The game lasted 00:23:31 (4841 turns).

vick69 the Magician (Demigod Fire Elementalist)     Turns: 4841, Time: 00:23:32

Health: 0/47       AC:  6    Str:  9    XL:     6   Next: 72%
Magic:  11/15      EV: 12    Int: 25    God:
Gold:   56         SH:  0    Dex: 20    Spells: 8/13 levels left

rFire   . . .        f - +0 spear
rCold   . . .        (no shield)
rNeg    . . .        t - +0 leather armour
rPois   .            A - +2 hat
rElec   .            (no cloak)
rCorr   .            d - +0 pair of gloves
SInv    +            (no boots)
Will    .....        (no amulet)
Stlth   ++           n - ring of see invisible
HPRegen 0.27/turn    y - +6 ring of dexterity
MPRegen 0.14/turn

%: no passive effects
@: lethally poisoned (0 -> -10)
A: high MP 1, forlorn, divine attributes
a: no special abilities


You were on level 5 of the Dungeon.
You visited 1 branch of the dungeon, and saw 5 of its levels.

You collected 147 gold pieces.
You spent 91 gold pieces at shops.

Inventory:

Hand Weapons
 f - a +0 spear (weapon)
 j - a +0 dagger
 r - a +0 short sword
Missiles
 m - 6 boomerangs
Armour
 a - a +0 robe
 d - a +0 pair of gloves (worn)
 g - a +0 ring mail
 s - a +0 scale mail
 t - a +0 leather armour (worn)
 A - a +2 hat (worn)
Magical Staves
 q - a staff of cold
 D - a staff of earth
Jewellery
 n - a ring of see invisible (left hand)
 y - a +6 ring of dexterity (right hand)
Wands
 B - a wand of flame (13)
Scrolls
 h - a scroll of poison {unknown}
 k - a scroll of revelation
 p - a scroll of teleportation {unknown}
 u - a scroll of enchant armour {unknown}
 v - a scroll of brand weapon {unknown}
 w - 2 scrolls of vulnerability
 x - a scroll of blinking {unknown}
 z - a scroll of silence {unknown}
Potions
 c - 2 potions of ambrosia
 e - 2 potions of berserk rage
 i - a potion of brilliance
 l - a potion of degeneration {unknown}
 o - 3 potions of haste
 C - a potion of mutation {unknown}


   Skills:
 - Level 1.5 Fighting
 - Level 1.4 Polearms
 - Level 1.7 Dodging
 - Level 1.7 Stealth
 * Level 4.2 Spellcasting
 + Level 3.0 Conjurations
 + Level 4.0 Fire Magic
 * Level 1.0 Poison Magic


You had 8 spell levels left.
You knew the following spells:

 Your Spells              Type           Power      Damage    Failure   Level
a - Foxfire               Conj/Fire      92%        2x1d8     3%          1
b - Scorch                Fire           50%        2d7       3%          2
c - Poisonous Vapours     Pois/Air       14%        N/A       16%         2

Your spell library contained the following spells:

 Spells                   Type           Power      Damage    Failure   Level
 Sting                    Tmut/Pois      28%        1d4       11%         1
 Inner Flame              Hex/Fire       15%        N/A       16%         3
 Volatile Blastmotes      Fire/Tloc      30%        2d12      16%         3
 Flame Wave               Conj/Fire      23%        2d8       28%         4
 Olgreb's Toxic Radiance  Pois           10%        N/A       63%         4


Dungeon Overview and Level Annotations

Branches:
Dungeon (5/15)
 Temple: D:4-7

Shops:
D:4 *


Innate Abilities, Weirdness & Mutations

You have an increased reservoir of magic. (+10% MP)
You shall have no god before yourself.
Your divine heritage dramatically boosts your attributes as you level up.


Message History

* * * LOW HITPOINT WARNING * * *
The phantom blinks!
You blink.
Casting: Scorch (safe; 3% risk of failure)
Confirm with . or Enter, or press ? or * to list all spells.
Flames lash the phantom.
The phantom is burned terribly!
You destroy the phantom!
Your Conjurations skill increases to level 3!
Your Fire Magic skill increases to level 4!
You start resting.
Magic restored.
You start resting.
You feel your willpower return.
You start resting.
HP restored.
What level of the Dungeon? (default 5, ? - help)
There is a stone staircase leading down, spattered with blood here.
You climb downwards.
The water moccasin barely misses you. The water moccasin bites you.
The jelly hits you but does no damage.
There is a stone staircase leading up here.
Casting: Scorch (safe; 3% risk of failure)
Confirm with . or Enter, or press ? or * to list all spells.
Flames lash the water moccasin.
The water moccasin is heavily wounded.
The water moccasin's fire resistance burns away.
The water moccasin bites you.
The centaur shoots an arrow.
The arrow hits you! The jelly hits you but does no damage.
The water moccasin bites you.
Casting: Scorch (safe; 3% risk of failure)
Confirm with . or Enter, or press ? or * to list all spells.
Flames lash the adder.
You kill the adder!
The centaur shoots an arrow.
The arrow hits you!
* * * LOW HITPOINT WARNING * * *
The water moccasin bites you.
* * * LOW HITPOINT WARNING * * *
You are lethally poisoned!
The water moccasin poisons you! The jelly barely misses you.
The centaur shoots an arrow.
The arrow hits you.
* * * LOW HITPOINT WARNING * * *
Your Poison Magic skill increases to level 1!
You die...

...... ..
......#######......
................!.##
...................###
....)...../....>......
...................)..
......)[..............
.......<.....S.J.....#
.....cS.......@.......
....S.....)...........
.^.......$.c..........
.....................#
....$....#####..###..#
.....>...# ..## .#
.......... ..# .
...###.... .... ...
...... ....


You could see a water moccasin (combustible), a centaur and a jelly.

Vanquished Creatures
  2 phantoms (D:4)
  A scorpion (D:4)
  A hound (D:4)
  Terence (D:2)
  2 iguanas (D:4)
  Natasha (thrice) (D:2)
  Robin (D:2)
  6 adders
  2 worms
  8 orcs
  7 endoplasms
  5 giant cockroaches
  6 hobgoblins
  A quokka (D:2)
  5 ball pythons
  6 bats
  5 frilled lizards
  10 goblins
  5 kobolds
  9 rats
86 creatures vanquished.

Vanquished Creatures (others)
  209 foxfires
209 creatures vanquished.

Grand Total: 295 creatures vanquished

Notes
Turn   | Place    | Note
-------+----------+-------------------------------------------
     0 | D:1      | vick69 the Demigod Fire Elementalist began the quest for
                  | the Orb.
     0 | D:1      | Reached XP level 1. HP: 14/14 MP: 5/5
   170 | D:1      | Reached skill level 1 in Conjurations
   453 | D:1      | Reached XP level 2. HP: 20/20 MP: 3/7
   456 | D:1      | Learned a level 2 spell: Scorch
  1214 | D:2      | Reached XP level 3. HP: 24/26 MP: 6/9
  1233 | D:2      | HP: 1/26 [poisoned by an adder]
  1663 | D:2      | Noticed Natasha
  1667 | D:2      | Killed Natasha
  1670 | D:2      | Noticed Terence
  1674 | D:2      | Killed Terence
  1675 | D:2      | Reached skill level 1 in Polearms
  1675 | D:2      | Reached XP level 4. HP: 27/33 MP: 0/11
  1816 | D:2      | Noticed Natasha
  1821 | D:2      | Killed Natasha
  1915 | D:2      | Noticed Robin
  1926 | D:2      | Killed Robin
  1944 | D:2      | Noticed Natasha
  2114 | D:2      | Killed Natasha
  2115 | D:2      | Reached XP level 5. HP: 38/38 MP: 7/12
  3649 | D:4      | Reached skill level 1 in Fighting
  3684 | D:4      | Reached XP level 6. HP: 47/47 MP: 2/14
  3909 | D:4      | Found Fesaex Medgh's General Store.
  3921 | D:4      | Bought a wand of flame (13) for 91 gold pieces
  3996 | D:4      | Learned a level 2 spell: Poisonous Vapours
  4651 | D:5      | Entered Level 5 of the Dungeon
  4659 | D:5      | Noticed a water moccasin
  4841 | D:5      | Reached skill level 1 in Poison Magic
  4841 | D:5      | Succumbed to a water moccasin's poison

Illustrated notes

Levels and vault maps discovered:
D:1:      evilmike_arrival_rings, layout_basic
D:2:      layout_basic, minmay_tetromino_o4, uniq_robin, uniq_natasha,
          uniq_terence
D:3:      layout_loops_corners
D:4:      layout_basic, serial_shops, nicolae_shop_competitors_out_of_business
D:5:      layout_rooms, minmay_temple_entry_gardened_gates, nicolae_sextant

Skill      XL: |  1  2  3  4  5  6 |
---------------+-------------------+-----
Spellcasting   | 2 3 4 |  4.2
Conjurations   | 1 2 3 |  3.0
Fire Magic     | 3 4 |  4.0
Polearms       | 1 |  1.4
Fighting       | 1 |  1.5
Poison Magic   | 1 |  1.0
Dodging        | |  1.7
Stealth        | |  1.7

Action                     |  1- 3 |  4- 6 || total
---------------------------+-------+-------++-------
  Melee: Spear             |    36 |    51 ||    87
         Unarmed           |     1 |       ||     1
         Punch             |       |     1 ||     1
   Cast: Foxfire           |    61 |    68 ||   129
         Scorch            |     4 |    34 ||    38
    Use: Scroll            |       |     6 ||     6
         Potion            |       |     1 ||     1
 Armour: Robe              |    22 |     1 ||    23
         Leather armour    |       |    48 ||    48
  Dodge: Dodged            |    20 |    41 ||    61

Table legend: (Time is in decaauts)
 A = Elapsed time spent in this place.
 B = Non-inter-level travel time spent in this place.
 C = Inter-level travel time spent in this place.
 D = Time resting spent in this place.
 E = Time spent auto-exploring this place.
 F = Levels seen in this place.
 G = Mean time per level.
                   A        B        C        D        E       F      G
               +--------+--------+--------+--------+--------+-----+--------+
         Total |   4844 |   4650 |    194 |    760 |   3201 |   5 |  968.8 |
       Dungeon |   4844 |   4650 |    194 |    760 |   3201 |   5 |  968.8 |
               +--------+--------+--------+--------+--------+-----+--------+

Top non-repeatable levels by time:
     D:2: 1385 daAuts
     D:4: 1336 daAuts
     D:3: 1158 daAuts
     D:1: 945 daAuts
     D:5: 18 daAuts
